Map: Oxide LE

Players

Armani

  • Race: Zerg Zerg

LiquidClem (Clem) - Winner!

  • Race: Terran Terran
  • League: Bronze

Event: TSL 7

VOD

Have the link to the VOD?

Description

Time

  • Played on: June 20, 2021, 8:27 a.m.
  • Length: 11:19

All games in this series

Show
View Real Time Build Order
Export as new Build Order

Armani Zerg 

Build Orders: Hatch First 

Get SALT Encoding   

  12  0:00  Drone  
  13  0:12  Overlord  
  13  0:16  Drone  
  14  0:31  Drone  
  14  0:32  Drone  
  16  0:47  Hatchery  
  15  0:51  Drone  
  15  0:54  Drone  
  17  0:59  Drone  
  18  1:05  Extractor  
  17  1:14  Spawning Pool  
  17  1:16  Drone  
  17  1:20  Drone  
  18  1:28  Drone  
  19  1:39  Drone  
  20  1:51  Drone  
  21  2:00  Queen x2  
  25  2:01  Zergling x2  
  25  2:02  Zergling x2  
  27  2:14  Hatchery  
  26  2:19  Overlord  
  26  2:23  Drone  
  26  2:27  Metabolic Boost  
  27  2:32  Drone  
  28  2:39  Queen  
  28  2:40  Drone  
  28  2:43  Drone  
  32  2:48  Overlord  
  32  2:51  Drone  
  33  2:54  Drone  
  33  2:56  Drone  
  35  2:59  Drone  
  36  3:07  Drone x2  
  36  3:10  Drone x3  
  41  3:17  Queen  
  43  3:20  Overlord  
  43  3:23  Overlord  
  43  3:25  Drone  
  44  3:30  Queen  
  44  3:32  Drone  
  47  3:35  Drone  
  47  3:37  Drone  
  47  3:40  Overlord  
  49  3:42  Drone x2  
  49  3:44  Drone  
  52  3:49  Drone x3  
  52  3:53  Baneling Nest  
  52  3:54  Drone  
  56  4:03  Zergling x6  
  56  4:07  Drone  
  56  4:09  Spore Crawler  
  58  4:12  Spore Crawler  
  55  4:23  Drone x5  
  55  4:24  Lair  
  59  4:26  Queen  
  59  4:29  Drone x5  
  66  4:33  Overlord x2  
  66  4:37  Extractor x2, Overlord  
  64  4:39  Evolution Chamber  
  64  4:41  Drone  
  64  4:42  Drone x2  
  66  4:48  Overlord  
  66  4:52  Extractor  
  65  4:53  Drone  
  65  4:54  Drone  
  65  4:56  Drone x2  
  65  4:57  Drone  
  65  4:58  Drone  
  65  4:59  Drone x2  
  73  5:00  Drone  
  74  5:07  Zerg Ground Armor Level 1  
  74  5:11  Zergling x6  
  77  5:16  Hatchery  
  77  5:18  Zergling x4  
  78  5:21  Drone  
  78  5:22  Drone, Centrifical Hooks  
  78  5:23  Zergling x2  
  78  5:25  Zergling x6  
  84  5:30  Zergling x8  
  84  5:34  Zergling x4  
  90  5:38  Overlord  
  90  5:41  Queen  
  90  5:42  Overlord  
  92  5:46  Drone  
  92  5:48  Spore Crawler  
  92  5:50  Baneling x9  
  92  5:51  Baneling x3  
  92  5:52  Zergling x4  
  93  5:57  Zergling x6  
  96  6:06  Overlord  
  95  6:15  Drone x5  
  95  6:16  Drone x3  
  95  6:18  Drone  
  101  6:19  Drone  
  102  6:25  Hatchery  
  102  6:26  Extractor  
  102  6:27  Drone, Evolution Chamber  
  102  6:29  Queen  
  96  6:33  Zergling x10  
  101  6:40  Baneling  
  101  6:41  Baneling x5, Spore Crawler  
  101  6:43  Zergling x8  
  104  6:48  Zergling x2  
  104  6:49  Zergling x2  
  104  6:53  Zerg Melee Weapons Level 1  
  104  6:54  Zergling x4  
  108  6:56  Baneling x6  
  108  6:57  Baneling x6  
  108  6:59  Hatchery  
  108  7:01  Zergling x8  
  106  7:12  Baneling x9  
  106  7:13  Baneling x6  
  106  7:14  Zergling x10  
  104  7:23  Zergling x18  
  112  7:30  Zerg Ground Armor Level 2  
  112  7:35  Zergling x12  
  115  7:50  Queen x2  
  105  7:52  Queen  
  105  7:55  Drone x9  
  111  8:02  Infestation Pit  
  108  8:07  Zergling x20  
  115  8:17  Baneling  
  115  8:18  Baneling x4  
  115  8:23  Baneling x12  
  115  8:24  Baneling  
  115  8:25  Zergling x8  
  115  8:26  Zergling x10  
  124  8:29  Overseer  
  124  8:33  Baneling  
  111  8:42  Extractor  
  111  8:43  Extractor  
  88  8:51  Zergling x2  
  88  8:52  Zergling x32  
  88  8:53  Baneling  
  88  8:54  Baneling x11  
  98  9:04  Zergling x18  
  101  9:11  Queen x2  
  94  9:18  Zergling x12  
  94  9:19  Zergling x2  
  89  9:32  Baneling x16  
  89  9:39  Zergling x14, Evolution Chamber  
  89  9:40  Zergling x4  
  89  9:42  Drone  
  96  9:55  Extractor  
  96  9:56  Zergling x18, Hydralisk Den  
  95  10:12  Baneling x7  
  95  10:13  Zergling x14  
  78  10:47  Hydralisk x7, Overlord  
  92  10:52  Zergling x20  
  102  10:59  Baneling x6  
Show
View Real Time Build Order
Export as new Build Order

LiquidClem Terran - Winner!

Build Orders: Reaper Expand 

Get SALT Encoding   

  12  0:00  SCV  
  13  0:12  SCV  
  14  0:17  Supply Depot  
  14  0:24  SCV  
  15  0:38  SCV  
  15  0:40  Barracks  
  16  0:43  Refinery  
  16  0:50  SCV  
  17  1:02  SCV  
  18  1:15  SCV  
  19  1:27  Reaper, Orbital Command  
  20  1:47  Command Center  
  20  1:50  Supply Depot  
  20  1:53  SCV  
  21  1:59  Marine  
  22  2:05  SCV  
  23  2:12  Factory  
  23  2:17  SCV  
  23  2:21  Barracks Reactor  
  24  2:29  SCV  
  25  2:36  Command Center  
  25  2:42  SCV  
  26  2:55  SCV  
  27  2:59  Barracks  
  27  3:01  Orbital Command  
  27  3:07  SCV, Barracks Tech Lab  
  27  3:08  Hellion  
  30  3:13  Hellion  
  30  3:19  Refinery, SCV  
  33  3:25  Stimpack  
  33  3:26  Marine  
  34  3:28  SCV  
  34  3:31  SCV  
  36  3:40  SCV  
  37  3:46  Marine  
  38  3:49  Starport, Orbital Command  
  38  3:50  SCV  
  38  3:53  Marine x2  
  38  3:54  SCV  
  42  3:57  Factory Reactor  
  42  4:03  SCV  
  42  4:05  Marine  
  42  4:06  SCV  
  43  4:10  Marine  
  43  4:12  Marine  
  43  4:13  Supply Depot  
  43  4:15  SCV  
  43  4:16  SCV  
  47  4:18  SCV  
  46  4:24  Marine  
  46  4:27  SCV  
  46  4:28  Marine  
  46  4:30  Marine  
  50  4:32  SCV x2  
  50  4:37  Medivac  
  54  4:38  Supply Depot  
  54  4:40  Barracks  
  54  4:41  Medivac  
  54  4:42  Orbital Command, Marine  
  54  4:45  Engineering Bay  
  57  4:46  Refinery, Marine  
  57  4:47  SCV, Engineering Bay  
  57  4:49  Factory Tech Lab  
  57  4:50  SCV  
  60  4:57  Refinery, Marine  
  60  4:59  SCV  
  62  5:01  Marine, Supply Depot  
  62  5:02  SCV  
  62  5:04  Marine  
  65  5:08  SCV  
  65  5:09  Supply Depot  
  65  5:11  SCV  
  67  5:14  Marine  
  67  5:15  Siege Tank  
  67  5:18  Marine  
  67  5:20  SCV, Terran Infantry Weapons Level 1  
  73  5:22  Marine  
  73  5:26  SCV, Supply Depot  
  76  5:32  Barracks Reactor  
  76  5:35  Barracks  
  75  5:36  Barracks  
  75  5:37  SCV x2  
  75  5:39  Marine  
  75  5:42  Supply Depot  
  78  5:44  Marine  
  78  5:45  Marine  
  78  5:47  SCV  
  78  5:48  Terran Infantry Armor Level 1  
  78  5:49  Supply Depot  
  81  5:52  SCV x2  
  81  5:53  Combat Shield  
  83  5:57  Marine  
  83  5:58  Supply Depot  
  83  5:59  Siege Tank  
  83  6:02  Marine  
  88  6:08  Marine  
  88  6:09  Marine  
  88  6:10  Marine  
  91  6:13  SCV  
  91  6:14  SCV  
  91  6:15  Marine  
  94  6:19  Medivac x2  
  94  6:20  Marine  
  94  6:22  SCV  
  94  6:23  Supply Depot  
  94  6:24  Barracks Reactor x2  
  100  6:26  SCV  
  100  6:28  Supply Depot  
  100  6:31  Supply Depot  
  101  6:33  Marine  
  101  6:36  Siege Tank  
  101  6:37  Marine x2  
  101  6:38  SCV x3, Marine x2  
  112  6:42  Refinery  
  112  6:45  Armory  
  112  6:50  SCV  
  112  6:51  Marine  
  112  6:53  Supply Depot  
  114  6:55  Marine  
  114  7:00  Marine  
  116  7:01  Marine  
  116  7:02  Marine  
  116  7:03  Marine x4  
  116  7:05  Factory  
  107  7:09  Marine  
  107  7:10  SCV  
  107  7:12  Siege Tank  
  107  7:13  Marine  
  108  7:18  Marine  
  108  7:19  Marine x2  
  108  7:22  SCV x3  
  102  7:25  Marine x2  
  102  7:29  Marine x2  
  106  7:30  Marine, Supply Depot  
  106  7:31  Liberator  
  106  7:32  Marine, Liberator  
  106  7:36  Marine  
  115  7:37  Marine  
  115  7:38  Marine  
  115  7:41  SCV x2  
  116  7:47  Marine  
  116  7:48  Marine  
  116  7:50  Marine  
  116  7:51  SCV  
  116  7:52  Marine  
  116  7:53  Marine  
  116  7:54  Marine  
  116  7:55  Marine  
  116  7:56  SCV  
  116  7:57  Marine x2  
  117  7:58  Factory Reactor  
  117  7:59  Drilling Claws, Terran Infantry Weapons Level 2  
  117  8:04  Marine  
  117  8:06  SCV x2, Marine  
  117  8:08  SCV, Marine  
  117  8:12  Marine x2  
  122  8:14  Widow Mine  
  122  8:18  Terran Infantry Armor Level 2  
  122  8:19  Marine x3  
  128  8:21  Marine  
  128  8:22  Marine  
  128  8:23  SCV  
  128  8:24  Marine  
  132  8:28  SCV  
  132  8:32  Marine  
  132  8:33  Marine  
  135  8:35  Marine  
  135  8:38  Marine  
  135  8:41  Widow Mine x3  
  142  8:43  Marine  
  142  8:47  Marine x2  
  136  8:53  Marine, Medivac  
  136  8:54  SCV  
  138  8:57  Medivac  
  138  9:01  SCV  
  138  9:02  SCV  
  139  9:06  SCV  
  139  9:07  Command Center  
  128  9:12  Widow Mine x2  
  122  9:20  Marine x4  
  122  9:21  Marine x2  
  122  9:22  Medivac  
  123  9:27  Marine x2, Medivac  
  123  9:28  Marine  
  122  9:32  SCV x2  
  122  9:34  SCV  
  122  9:37  Widow Mine x2, Marine  
  122  9:38  Marine x3  
  131  9:41  Widow Mine  
  131  9:43  Marine x2  
  131  9:44  SCV  
  131  9:45  Marine  
  131  9:50  Marine x2  
  134  9:52  Medivac  
  134  9:54  SCV  
  134  9:55  Marine, Sensor Tower  
  134  9:56  SCV  
  134  9:57  Marine x2  
  141  10:00  Marine  
  141  10:05  Widow Mine  
  141  10:06  Medivac  
  144  10:08  Marine  
  144  10:09  Marine x2  
  144  10:10  SCV  
  144  10:13  SCV x2, Marine  
  144  10:14  Marine x2  
  149  10:15  Marine x2  
  149  10:18  Marine  
  149  10:21  Widow Mine  
  149  10:28  Marine x3  
  140  10:30  SCV  
  140  10:31  Marine  
  140  10:33  Supply Depot  
  140  10:35  Marine, Supply Depot  
  138  10:39  Widow Mine  
  138  10:40  Marine  
  132  10:43  Widow Mine, Marine  
  132  10:47  Medivac  
  137  10:50  Marine x3  
  137  10:51  Marine x2  
  137  10:56  Marine  
  143  10:57  Marine  
  138  11:05  SCV x2  
Tags
 
Add a new tag
Caveats
  • Supply blocks, unpowered buildings, or Contaminate may cause inaccurate times.
  • Supply counts are checked every 10 seconds.